 Dungeon Crawl Stone Soup version 0.20-a0-1033-g05abe66 (webtiles) character file.

632 Deemzul the Poker (level 7, -1/55 HPs)
             Began as a Mummy Fighter on Apr 21, 2017.
             Was an Initiate of Gozag.
             Killed from afar by Ijyb (14 damage)
             ... with a wand of lightning (?/15)
             ... on level 5 of the Dungeon.
             The game lasted 00:03:08 (3738 turns).

Deemzul the Poker (Mummy Fighter)                   Turns: 3738, Time: 00:03:09

Health: -1/55      AC:  9    Str: 20    XL:     7   Next: 24%
Magic:  7/7        EV:  7    Int:  7    God:    Gozag
Gold:   384        SH:  9    Dex: 13    Spells: 6/6 levels left

rFire    x . .     SeeInvis .   f - +3 spear
rCold    + . .     Gourm    .   c - +0 shield
rNeg     + + +     Faith    .   b - +0 scale mail
rPois    ∞         Spirit   .   (no helmet)
rElec    .         Reflect  .   (no cloak)
rCorr    .         Harm     .   (no gloves)
MR       .....                  e - +1 pair of boots
Stlth    ..........             (no amulet)
Regen    0.2/turn               (no ring)
MPRegen  0.1/turn               (no ring)

@: no status effects
A: no food or potions, fire vulnerability, cold resistance 1, negative energy
resistance 3, torment resistance, unbreathing
a: Potion Petition, Call Merchant, Bribe Branch, Renounce Religion


You were on level 5 of the Dungeon.
You worshipped Gozag.
Gozag was aware of your devotion.
You were not hungry.

You visited 2 branches of the dungeon, and saw 6 of its levels.

You collected 443 gold pieces.
You paid 59 gold pieces to Gozag.

Inventory:

Hand Weapons
 a - a +0 trident
 f - a +3 spear (weapon)
Armour
 b - a +0 scale mail (worn)
 c - a +0 shield (worn)
 e - a +1 pair of boots (worn)
Jewellery
 n - an uncursed ring of protection from cold {unknown}
Wands
 j - a wand of digging (7/24)
 m - a wand of lightning (10/15)
Scrolls
 d - 7 scrolls of remove curse {unknown}
 g - a scroll of enchant weapon {unknown}
 h - a scroll of immolation
 i - 2 scrolls of identify
 k - 2 scrolls of teleportation
 l - 2 scrolls of enchant armour


   Skills:
 + Level 4.5 Fighting
 * Level 4.6 Polearms
 + Level 3.7 Armour
 + Level 3.5 Shields


You had 6 spell levels left.
You didn't know any spells.

Dungeon Overview and Level Annotations

Branches:
Dungeon (5/15)             Temple (1/1) D:4

Altars:
Ashenzari
Cheibriados
Dithmenos
Elyvilon
Fedhas
Gozag
Hepliaklqana
Kikubaaqudgha
Makhleb
Nemelex Xobeh
Qazlal
Ru
Sif Muna
Trog
Uskayaw
Vehumet
Wu Jian
Xom
Yredelemnul
Zin
The Shining One

Annotations:
D:3 xsansara's ghost, amateur GnMo
D:5 Ijyb


Innate Abilities, Weirdness & Mutations

You do not eat or drink.
Your flesh is vulnerable to fire.
You are immune to poison.
Your flesh is cold resistant. (rC+)
You are immune to negative energy. (rN+++)
You are immune to unholy pain and torment.
You can survive without breathing.


Message History

Ijyb zaps a wand.
The bolt of lightning hits you!
Attack whom?
Press: ? - help, Dir - move target cursor, f - Ijyb
Aim: Ijyb, wielding a dagger, wearing a ring mail and carrying a wand of lightning (?/15) {zapped: 2} You reach to attack!
You hit Ijyb.
Ijyb is lightly wounded.
You hit Ijyb.
Ijyb is lightly wounded.
Ijyb screams, "Me stronger than you!" Ijyb hits you but does no damage.
You hit Ijyb but do no damage.
Ijyb is lightly wounded.
Ijyb zaps a wand.
The bolt of lightning hits you!
* * * LOW HITPOINT WARNING * * *
You are too injured to fight recklessly!
You hit Ijyb.
Ijyb is moderately wounded.
Ijyb zaps a wand.
The bolt of lightning hits you!
You die...
Your body crumbles into a pile of gold.

###.####.######
##....>#...%....
##..............#
#...(.........<..
#................
#..>.............
#........%g........ $
#........@........# .
#................# .
#..............# .#
##.....##.....## .#
###.######..## #.# #.#
#....## ##..#
#.###.#..######..#####
#.....##........###...
############.........<


You could see Ijyb.

Vanquished Creatures
  2 ogres (D:4)
  A bullfrog (D:4)
  2 scorpions (D:4)
  A howler monkey (D:4)
  A hound (Temple)
  An iguana (D:4)
  2 worker ants (D:4)
  5 adders
  An adder skeleton (D:4)
  5 worms
  2 dart slugs
  2 leopard geckos (D:4)
  2 orcs (D:4)
  4 giant cockroaches
  13 goblins
  8 hobgoblins
  16 jackals
  4 quokkas
  A ball python (D:4)
  A ball python skeleton (D:4)
  5 bats
  A frilled lizard (D:2)
  8 kobolds
  5 rats
93 creatures vanquished.

Vanquished Creatures (others)
  4 toadstools (D:1)
4 creatures vanquished.

Grand Total: 97 creatures vanquished

Notes
Turn   | Place    | Note
-------+----------+-------------------------------------------
     0 | D:1      | Deemzul the Mummy Fighter began the quest for the Orb.
     0 | D:1      | Reached XP level 1. HP: 18/18 MP: 1/1
   221 | D:1      | Reached XP level 2. HP: 24/24 MP: 2/2
  1069 | D:2      | Reached XP level 3. HP: 16/29 MP: 3/3
  1479 | D:2      | Reached XP level 4. HP: 27/35 MP: 4/4
  1965 | D:3      | Found a bloodstained altar of Trog.
  2102 | D:3      | Noticed xsansara's ghost (amateur GnMo)
  2632 | D:4      | Found a staircase to the Ecumenical Temple.
  2645 | Temple   | Entered the Ecumenical Temple
  2656 | Temple   | Reached XP level 5. HP: 34/42 MP: 5/5
  2834 | Temple   | Became a worshipper of Gozag Ym Sagoz the Greedy
  3054 | D:4      | Reached XP level 6. HP: 28/48 MP: 6/6
  3250 | D:4      | Found a stormy altar of Qazlal.
  3250 | D:4      | Found a deep blue altar of Sif Muna.
  3251 | D:4      | Found a hazy altar of Hepliaklqana.
  3253 | D:4      | Found a white marble altar of Elyvilon.
  3510 | D:4      | Reached XP level 7. HP: 55/55 MP: 7/7
  3677 | D:5      | Entered Level 5 of the Dungeon
  3731 | D:5      | Noticed Ijyb
  3738 | D:5      | Killed from afar by Ijyb

Vault maps used:
D:1:      ldierk_walled_garden_2
D:2:      hangedman_decor_points
D:3:      nicolae_overflow_crystal_walls, grunt_decor_mini_mirrors
D:4:      cheibrodos_greedy_goblins, minitemple,
          minmay_temple_entry_butterflies, first_bread
D:5:      uniq_ijyb
Temple:   eino_temple_scatter_basement

Skill      XL: |  1  2  3  4  5  6 |
---------------+-------------------+-----
Polearms       | 2 3 4 |  4.6
Armour         | 3 |  3.7
Fighting       | 4 |  4.5
Shields        | 3 |  3.5

Action                   |  1- 3 |  4- 6 |  7- 9 || total
-------------------------+-------+-------+-------++-------
Melee: Trident           |    13 |       |       ||    13
       Spear             |    99 |   219 |    31 ||   349
  Use: Scroll            |       |     6 |       ||     6
Armor: Scale mail        |    29 |    56 |     5 ||    90
Dodge: Dodged            |    15 |    53 |     5 ||    73
Block: Shield            |    27 |    79 |     5 ||   111
